 Dungeon Crawl Stone Soup version 0.24.1-14-gf8d2b509d9 (webtiles) character file.

Game seed: 16643882604145704764, levelgen mode: deterministic

61 lepoulpe303 the Vexing (level 3, 0/18 HPs)
             Began as a Spriggan Arcane Marksman on May 19, 2020.
             Slain by a bullfrog skeleton (7 damage)
             ... on level 2 of the Dungeon.
             The game lasted 00:05:21 (1601 turns).

lepoulpe303 the Vexing (Spriggan Arcane Marksman)   Turns: 1601, Time: 00:05:21

Health: 0/18       AC:  2    Str:  7    XL:     3   Next: 83%
Magic:  6/7        EV: 19    Int: 14    God:
Gold:   39         SH:  0    Dex: 16    Spells: 3/6 levels left

rFire    . . .     SeeInvis +   a - +0 short sword
rCold    . . .     Gourm    .   (shield restricted)
rNeg     . . .     Faith    .   f - +0 robe
rPois    .         Spirit   .   (helmet restricted)
rElec    .         Reflect  .   (no cloak)
rCorr    .         Harm     .   (gloves unavailable)
MR       .....                  (boots unavailable)
Stlth    +.........             (no amulet)
HPRegen  0.06/turn              (no ring)
MPRegen  0.10/turn              (no ring)

@: very quick
A: very small, unfitting armour, see invisible, herbivore, speed 3, slow
metabolism 2
a: no special abilities


You were on level 2 of the Dungeon.
You were not hungry.

You visited 1 branch of the dungeon, and saw 2 of its levels.

You collected 39 gold pieces.

Inventory:

Hand Weapons
 a - a +0 short sword (weapon)
 b - a +0 shortbow
 l - a +0 dagger
Missiles
 Q - 31 arrows
Armour
 f - a +0 robe (worn)
Scrolls
 c - a scroll of immolation {unknown}
 d - 2 scrolls of identify {unknown}
 g - a scroll of enchant armour {unknown}
 k - a scroll of teleportation {unknown}
Potions
 h - 2 potions of curing {unknown}
 i - a potion of berserk rage {unknown}
 j - a potion of might {unknown}
Comestibles
 e - 3 rations


   Skills:
 + Level 1.3 Fighting
 + Level 0.7 Short Blades
 * Level 3.2 Bows
 + Level 3.4 Dodging
 * Level 2.3 Spellcasting
 * Level 4.2 Hexes


You had 3 spell levels left.
You knew the following spells:

 Your Spells              Type           Power        Failure   Level  Hunger
s - Slow                  Hex            ##......     6%          2    ###....
v - Corona                Hex            ##.....      4%          1    #......

Your spell library contained the following spells:

 Spells                   Type           Power        Failure   Level  Hunger
 Inner Flame              Hex/Fire       #.......     28%         3    ###....
 Portal Projectile        Hex/Tloc       #.....       28%         3    ###....
 Cause Fear               Hex            ##........   38%         4    #####..
 Leda's Liquefaction      Hex/Erth       #.........   67%         4    #####..


Dungeon Overview and Level Annotations

Branches:
Dungeon (2/15)

Altars:


Innate Abilities, Weirdness & Mutations

You are very small and have problems with some larger weapons.
You are too small for most types of armour.
You have supernaturally acute eyesight. (SInv)
You are a herbivore.
You cover ground extremely quickly.
You need to consume almost no food.


Message History

The bat hits you but does no damage. The bat closely misses you.
The bullfrog skeleton barely misses you.
You hit the bullfrog skeleton. The bat misses you.
The bullfrog skeleton barely misses you.
You hit the bullfrog skeleton but do no damage.
The bat closely misses you.
The bullfrog skeleton closely misses you.
The bullfrog skeleton hits you.
* * * LOW HITPOINT WARNING * * *
You take 1 damage, and have 7/18 hp.
You hit the bullfrog skeleton. The bat closely misses you.
The bullfrog skeleton hits you but does no damage.
You hit the bullfrog skeleton but do no damage.
The bat closely misses you.
The bullfrog skeleton closely misses you.
The bullfrog skeleton misses you.
You hit the bullfrog skeleton. The bat closely misses you.
The bat barely misses you. The bullfrog skeleton hits you!
You die...

#.......# #......##
#...# # #...)...# #...#
.#.
........#.###...#....
...)....#..##...#<...
........##.##.......
#.......##(##......
#.#........b...#######
#...........@.........
##########Z#..#######
#...........
#########....#####.
#............#...#
##............#.#.#
............>.#.#.######
##..........#...#.......
#..........#.#[..#######


You could see a bat and a bullfrog skeleton.

Levels and vault maps discovered:
D:1:      lordsloth_arrival_two_stooges, layout_basic, minmay_indecisive_spiral
D:2:      layout_basic, first_ration, uniq_jessica, uniq_robin, uniq_natasha

Notes
Turn   | Place    | Note
-------+----------+-------------------------------------------
     0 | D:1      | lepoulpe303 the Spriggan Arcane Marksman began the quest
                  | for the Orb.
     0 | D:1      | Reached XP level 1. HP: 9/9 MP: 3/3
     0 | D:1      | Identified a +0 club
     0 | D:1      | Identified a +0 club
     0 | D:1      | Identified a +0 leather armour
    26 | D:1      | Identified a +0 dagger
    27 | D:1      | Identified a +0 club
   142 | D:1      | Identified a +0 dagger
   143 | D:1      | Identified a +0 shortbow
   148 | D:1      | Reached skill level 1 in Fighting
   148 | D:1      | Reached XP level 2. HP: 9/14 MP: 5/5
   152 | D:1      | Learned a level 2 spell: Slow
   986 | D:1      | Identified a +0 club
  1027 | D:1      | Reached skill level 2 in Spellcasting
  1149 | D:1      | Identified a +0 club
  1156 | D:1      | Reached skill level 4 in Hexes
  1365 | D:1      | Identified a +0 short sword (You found it on level 1 of the
                  | Dungeon)
  1391 | D:2      | Reached skill level 3 in Bows
  1391 | D:2      | Reached XP level 3. HP: 18/18 MP: 7/7
  1398 | D:2      | Identified a +0 robe
  1398 | D:2      | Noticed Jessica
  1406 | D:2      | Killed Jessica
  1564 | D:2      | Identified a +0 short sword
  1565 | D:2      | Identified a +0 dagger
  1601 | D:2      | Slain by a bullfrog skeleton

Table legend:
 A = Turns spent in this place as a percentage of turns spent in the entire game.
 B = Non-inter-level travel turns spent in this place as a percentage of non-inter-level travel turns spent in the entire game.
 C = Inter-level travel turns spent in this place as a percentage of turns spent in this place.
 D = Turns resting spent in this place as a percentage of non-inter-level travel turns spent in this place.
 E = Turns spent auto-exploring this place as a percentage of non-inter-level travel turns spent in this place.
 F = Non-inter-level travel turns spent in this place divided by the number of levels of this place that you've seen.
                   A       B       C       D       E      F
               +-------+-------+-------+-------+-------+----------------------
         Total | 100.0 | 100.0 |   1.0 |  28.5 |  50.5 | 792.5
       Dungeon | 100.0 | 100.0 |   1.0 |  28.5 |  50.5 | 792.5
               +-------+-------+-------+-------+-------+----------------------

Table legend:
 A = Kills in this place as a percentage of kills in entire the game.
 B = Kills by you in this place as a percentage of kills by you in the entire game.
 C = Kills by friends in this place as a percentage of kills by friends in the entire game.
 D = Other kills in this place as a percentage of other kills in the entire game.
 E = Experience gained in this place as a percentage of experience gained in the entire game.
 F = Experience gained in this place divided by the number of levels of this place that you have seen.
                   A       B       C       D       E      F
               +-------+-------+-------+-------+-------+----------------------
         Total | 100.0 | 100.0 |   N/A |   N/A | 100.0 |  44.0
       Dungeon | 100.0 | 100.0 |   N/A |   N/A | 100.0 |  44.0
               +-------+-------+-------+-------+-------+----------------------

Skill      XL: |  1  2 |
---------------+-------+-----
Fighting       | 1 |  1.3
Spellcasting   | 2 |  2.3
Hexes          | 4 |  4.2
Bows           | 3 |  3.2
Short Blades   | |  0.7
Dodging        | |  3.4

Action                   || total
-------------------------++-------
Melee: Dagger            ||    91
       Short sword       ||    23
 Fire: Shortbow          ||    35
 Cast: Slow              ||     1
 Stab: Sleeping          ||     3
Armor: Robe              ||    22
Dodge: Dodged            ||   116

Vanquished Creatures
  Jessica (D:2)
  An ooze (D:2)
  A dart slug (D:1)
  5 bats
  A giant cockroach (D:1)
  3 goblins (D:1)
  3 hobgoblins (D:1)
  2 jackals (D:2)
  2 frilled lizards (D:1)
  4 kobolds
  7 rats (D:1)
30 creatures vanquished.
